 Dungeon Crawl Stone Soup version 0.29-a0-315-gaf6dd05e2f (webtiles) character file.

Game seed: 12271828552562587845

3702 wakim the Martial Artist (level 10, -2/68 HPs)
             Began as an Octopode Transmuter on Mar 29, 2022.
             Was an Initiate of Gozag.
             Slain by a wolf (7 damage)
             ... led by Grum
             ... on level 9 of the Dungeon.
             The game lasted 00:31:43 (12117 turns).

wakim the Martial Artist (Octopode Transmuter)     Turns: 12117, Time: 00:31:43

Health: -2/68      AC:  2    Str: 10    XL:     10   Next: 13%
Magic:  7/16       EV: 19    Int: 19    God:    Gozag
Gold:   900        SH:  0    Dex: 18    Spells: 7/17 levels left

rFire   + + .      SeeInvis .     - Unarmed
rCold   . . .      Faith    .   (shield currently unavailable)
rNeg    . . .      Spirit   .   (helmet currently unavailable)
rPois   x          Reflect  .   (no amulet)
rElec   .          Harm     .   R - ring of resist corrosion
rCorr   +          Rampage  .   S - ring of protection from fire
Will    .....                   Z - ring of protection from fire
Stlth   ++........              N - ring of fire
HPRegen 0.21/turn               P - ring of ice
MPRegen 0.15/turn               (no ring)
                                (no ring)
                                (no ring)

@: spider-form (expiring)
A: venomous fangs, almost no armour, (amphibious), 8 rings, tiny, (camouflage
1), (gelatinous body 1), (nimble swimmer 1), (tentacles)
a: End Transformation, Renounce Religion, Potion Petition, Call Merchant, Bribe
Branch


You were on level 9 of the Dungeon.
You worshipped Gozag.
Gozag was pleased with you.
You were a venomous arachnid creature.
You visited 2 branches of the dungeon, and saw 10 of its levels.

You collected 974 gold pieces.
You paid 74 gold pieces to Gozag.

Inventory:

Hand Weapons
 E - the +8 shortbow of the Three Thickets {speed, Fragile Int+3 SInv}
   (You found it on level 7 of the Dungeon)

   Attacks with this weapon are significantly faster.
   Int:       It affects your intelligence (+3).
   SInv:      It lets you see invisible.
   Fragile:   It will be destroyed if unequipped.
Missiles
 s - 157 stones
 I - 2 throwing nets {=f!f}
 V - 8 curare-tipped darts {=f}
Jewellery
 N - a ring of fire (on tentacle)
 P - a ring of ice (on tentacle)
 R - a ring of resist corrosion (left front leg)
 S - a ring of protection from fire (right front leg)
 Z - a ring of protection from fire (on tentacle)
Wands
 u - a wand of mindburst (14)
 w - a wand of acid (5)
 x - a wand of iceblast (6)
 z - a wand of polymorph (11)
 C - a wand of charming (6)
Scrolls
 L - 2 scrolls of enchant weapon
 Q - 2 scrolls of immolation {!r!r}
 T - 5 scrolls of teleportation
 U - 5 scrolls of fear
 X - 2 scrolls of fog
 Y - 2 scrolls of blinking {!r}
Potions
 B - a potion of attraction {!q}
 D - 4 potions of brilliance
 F - 7 potions of curing
 G - 3 potions of flight
 H - a potion of haste
 J - 2 potions of heal wounds
 K - 2 potions of magic
 M - 3 potions of mutation {!q}
 W - a potion of ambrosia {unknown}


   Skills:
 + Level 5.8 Fighting
 - Level 2.0 Dodging
 - Level 3.0 Stealth
 * Level 8.9 Unarmed Combat
 - Level 4.0 Spellcasting
 * Level 7.5 Transmutations
 - Level 4.0 Ice Magic
 - Level 3.0 Evocations


You had 7 spell levels left.
You knew the following spells:

 Your Spells              Type           Power      Damage    Failure   Level
a - Ignite Poison         Fire/Tmut/Pois 20%        N/A       32%         3
c - Ice Form              Ice/Tmut       38%        N/A       30%         4
x - Spider Form           Tmut/Pois      18%        N/A       22%         3

Your spell library contained the following spells:

 Spells                   Type           Power      Damage    Failure   Level
 Beastly Appendage        Tmut           64%        N/A       4%          1
 Wereblood                Tmut           32%        N/A       4%          2
 Passwall                 Tmut/Erth      15%        N/A       13%         2
 Magic Dart               Conj           12%        1d3       32%         1
 Sandblast                Erth           6%         2d5       32%         1
 Call Imp                 Summ           3%         N/A       41%         2
 Scorch                   Fire           10%        2d6       41%         2
 Conjure Flame            Conj/Fire      5%         6-21      61%         3
 Mephitic Cloud           Conj/Pois/Air  3%         N/A       61%         3
 Stone Arrow              Conj/Erth      6%         3d7       61%         3
 Flame Wave               Conj/Fire      5%         2d5       92%         4
 Sticky Flame             Conj/Fire      5%         2d3       92%         4
 Summon Cactus Giant      Summ           1%         N/A       100%        6


Dungeon Overview and Level Annotations

Branches:
Dungeon (9/15)             Temple (1/1) D:5
   Lair: D:8-11         Orc: D:9-12

Altars:
Ashenzari
Cheibriados
Dithmenos
Elyvilon
Fedhas
Gozag
Hepliaklqana
Kikubaaqudgha
Makhleb
Nemelex Xobeh
Okawaru
Qazlal
Ru
Sif Muna
Vehumet
Wu Jian
Xom
Yredelemnul
Zin

Annotations:
D:9 Grum


Innate Abilities, Weirdness & Mutations

You are a venomous arachnid creature.
You have poisonous fangs.
You are tiny and dextrous.
Your spellcasting is less reliable in this form.
Your armour is entirely melded.
You are incapable of wielding weapons or throwing items.
You cannot wear most types of armour.
((You are amphibious.))
You can wear up to eight rings at the same time.
((Your skin changes colour to match your surroundings (Stealth+).))
((Your rubbery body absorbs attacks. (AC +1, EV +1)))
((You are camouflaged when in or above water. (Stealth+)))
((You have tentacles for arms and can constrict up to eight enemies at once.))


Message History

The wolf closely misses you. 37/68 (-3)
You closely miss the wolf.
The wolf is no longer distracted by gold.
The wolf misses you. x2; The wolf completely misses you.
You barely miss the wolf. The wolf completely misses you.
The wolf closely misses you. The wolf completely misses you.
Grum hits you from afar with a +0 antimagic spear!
* * * LOW HITPOINT WARNING * * *
You feel your power leaking away.
The wolf closely misses you. 26/68 (-11)
The wolf completely misses you. 27/68 (+1)
The wolf completely misses you.
The wolf is distracted by your dazzling golden aura.
The wolf bites you!
* * * LOW HITPOINT WARNING * * *
The wolf howls! 19/68 (-8)
Okay, then.
Really read
Y - 3 scrolls of blinking {!r}?
Blink to where?
Press: ? - help, Dir - move target
As you read the scroll of blinking {!r}, it crumbles to dust. 20/68 (+1)
You bite the wolf!
You kill the wolf!
Your transformation is almost over.
You hit the wolf but do no damage.
The wolf is poisoned.
The wolf closely misses you.
You bite the wolf!
The wolf looks as sick as possible!
The wolf is severely wounded.
The wolf bites you.
* * * LOW HITPOINT WARNING * * *
The wolf bites you!
* * * LOW HITPOINT WARNING * * *
The wolf misses you. The wolf bites you!
You die...
Your body crumbles into a pile of gold.

#...# #...# #... #..g# #...#
#... #..h# #...# #... #.h.#
#...# #... #...# #...# #)..
#...# #...#######...
#...########.............
#......h.................
..######....g$hs......#######..#
..........#########...# #..#
..........# #...# #..#
..######..# #...# #..# #..#
#...# #..# #..# #...# #..# #..#
#...# #..# #..# #<..# #..# #..#
#...# #..#


You could see Grum and 2 wolves.

Vanquished Creatures
  The ghost of cheburek the Fighter, a novice FoMo (D:4)
  Maggie (D:7)
  Grinder (D:4)
  A shadow (D:8)
  A steam dragon (D:7)
  Menkaure (D:4)
  Edmund (D:5)
  Duvessa (D:7)
  2 ice beasts
  2 wolves (D:9)
  A centaur (D:9)
  6 bullfrogs
  A kobold brigand (D:6)
  A scorpion (D:6)
  Dowan (D:7)
  9 killer bees
  A howler monkey (D:5)
  3 orc priests
  2 jellies (D:4)
  4 hounds
  3 gnoll shamans
  3 iguanas
  3 orc wizards
  18 gnolls
  6 adders
  2 shadow imps (D:7)
  A white imp (D:5)
  An ufetubus (D:6)
  3 worms
  A dart slug (D:2)
  31 orcs
  6 endoplasms
  2 giant cockroaches
  7 goblins
  8 hobgoblins
  10 jackals
  2 quokkas
  2 ball pythons (D:1)
  5 bats
  7 frilled lizards
  20 kobolds
  6 rats
188 creatures vanquished.

Notes
Turn   | Place    | Note
-------+----------+-------------------------------------------
     0 | D:1      | wakim the Octopode Transmuter began the quest for the Orb.
     0 | D:1      | Reached XP level 1. HP: 13/13 MP: 3/3
   229 | D:1      | Reached skill level 1 in Stealth
   298 | D:1      | Reached XP level 2. HP: 18/18 MP: 3/5
  1033 | D:2      | Reached XP level 3. HP: 10/23 MP: 4/6
  1474 | D:2      | Learned a level 3 spell: Spider Form
  1751 | D:2      | Reached XP level 4. HP: 13/29 MP: 5/7
  1975 | D:2      | Reached skill level 4 in Unarmed Combat
  2950 | D:3      | Found a faded altar of an unknown god.
  3103 | D:3      | Reached XP level 5. HP: 16/34 MP: 6/8
  3826 | D:3      | Found a stormy altar of Qazlal.
  4097 | D:4      | Learned a level 4 spell: Ice Form
  4440 | D:4      | Reached XP level 6. HP: 40/41 MP: 3/10
  4665 | D:4      | Noticed Grinder
  4761 | D:4      | Noticed cheburek's ghost (novice FoMo)
  4788 | D:4      | Found a runed translucent door.
  5172 | D:4      | Reached skill level 1 in Ice Magic
  5325 | D:4      | Noticed Menkaure
  5336 | D:4      | Killed Menkaure
  5337 | D:4      | Reached skill level 5 in Unarmed Combat
  5337 | D:4      | Reached XP level 7. HP: 46/46 MP: 8/11
  5532 | D:5      | Entered Level 5 of the Dungeon
  5547 | D:5      | Noticed Edmund
  5743 | D:5      | Found a shimmering altar of Xom.
  5743 | D:5      | Found an iron altar of Okawaru.
  5843 | D:5      | Found a staircase to the Ecumenical Temple.
  5853 | Temple   | Entered the Ecumenical Temple
  5885 | Temple   | Became a worshipper of Gozag Ym Sagoz the Greedy
  6985 | D:6      | Reached XP level 8. HP: 53/53 MP: 10/14
  7092 | D:6      | Found a shadowy altar of Dithmenos.
  7183 | D:6      | Reached skill level 6 in Unarmed Combat
  7270 | D:6      | Found a sacrificial altar of Ru.
  8074 | D:7      | Noticed Dowan
  8074 | D:7      | Noticed Duvessa
  8111 | D:7      | Killed Duvessa
  8396 | D:7      | Killed Dowan
  8446 | D:7      | Reached skill level 5 in Transmutations
  8640 | D:7      | Noticed Maggie
  8651 | D:7      | Reached skill level 7 in Unarmed Combat
  8659 | D:7      | Killed Maggie
  8660 | D:7      | Reached XP level 9. HP: 12/59 MP: 13/15
  8925 | D:7      | Found a white marble altar of Elyvilon.
  9094 | D:7      | Identified the +8 shortbow of the Three Thickets {speed,
                  | Fragile Int+3 SInv}
  9574 | D:8      | Reached skill level 1 in Evocations
  9975 | D:4      | Killed cheburek's ghost
  9976 | D:4      | Reached skill level 5 in Fighting
 10095 | D:4      | Paralysed by Grinder for 7 turns
 10103 | D:4      | Killed Grinder
 10104 | D:4      | Reached skill level 8 in Unarmed Combat
 10430 | D:5      | Killed Edmund
 10842 | D:8      | Found a sparkling altar of Nemelex Xobeh.
 10968 | D:8      | Learned a level 3 spell: Ignite Poison
 11100 | D:8      | Found a broken altar of Ashenzari.
 11604 | D:8      | Noticed a deep elf pyromancer
 11605 | D:8      | Noticed a cyclops
 11650 | D:9      | Reached XP level 10. HP: 37/67 MP: 13/16
 12094 | D:9      | Noticed Grum
 12117 | D:9      | Slain by a wolf

Illustrated notes

Levels and vault maps discovered:
D:1:      scummos_arrival_star, layout_basic
D:2:      layout_basic, serial_forest, infiniplex_forest_lined_ring,
          infiniplex_forest_corner_1, infiniplex_forest_lined_room_,
          infiniplex_forest_lined_2, infiniplex_forest_straight_4,
          infiniplex_forest_clump_C, infiniplex_forest_lined_1,
          infiniplex_forest_end_double, infiniplex_forest_lined_3_way,
          infiniplex_forest_lined_3_way
D:3:      layout_rooms, mainiacjoe_overflow_chevrons,
          hellmonk_ecumenical_altar_arch_garden, minmay_misc_feat_tiny,
          dk_noncrumbling_4
D:4:      layout_basic, hellmonk_ghost_happy_afterlife, st_stairs_10,
          uniq_menkaure, uniq_grinder
D:5:      layout_loops_ring, gammafunk_temple_overflow_wave, temple_hall,
          uniq_edmund
D:6:      cheibrodos_thug_alley, layout_rooms, nicolae_dithmenos_shadow_blocks,
          kennysheep_little_box
D:7:      layout_layer_cave, mainiacjoe_overflow_brackets, uniq_maggie,
          uniq_duvessa
D:8:      layout_rooms, kennysheep_mini, mainiacjoe_overflow_six_doors_small,
          enter_bailey_7, lightli_corner_chamber
D:9:      dragon1_lemuel, layout_long_grid, nicolae_uskayaw_en_pointe,
          mainiacjoe_overflow_alcove_4, evilmike_minifort, uniq_psyche,
          uniq_grum
Temple:   minmay_temple_bridge_abc

Skill      XL: |  1  2  3  4  5  6  7  8  9 |
---------------+----------------------------+-----
Stealth        | 1 2 3 |  3.0
Unarmed Combat | 4 5 7 8 |  8.9
Fighting       | 2 3 4 5 |  5.8
Transmutations | 3 5 7 |  7.5
Ice Magic      | 1 2 3 4 |  4.0
Spellcasting   | 3 4 |  4.0
Evocations     | 3 |  3.0
Dodging        | |  2.0

Action                   |  1- 3 |  4- 6 |  7- 9 | 10-12 || total
-------------------------+-------+-------+-------+-------++-------
Melee: Unarmed           |    59 |   142 |   282 |    33 ||   516
       Tentacles         |    18 |    13 |    11 |       ||    42
       Constrict         |    17 |    17 |    11 |       ||    45
       Kick              |    18 |    23 |       |       ||    41
       Punch             |     1 |     4 |     3 |       ||     8
Throw: Stone             |       |     2 |     1 |       ||     3
 Cast: Beastly Appendage |    21 |    24 |       |       ||    45
       Spider Form       |       |     8 |    34 |     1 ||    43
       Ice Form          |       |       |     5 |     1 ||     6
 Abil: End Transformatio |       |       |     2 |       ||     2
Evoke: Wand              |       |       |       |     1 ||     1
  Use: Scroll            |     3 |     6 |    12 |     1 ||    22
       Potion            |       |       |     4 |       ||     4
 Stab: Sleeping          |     5 |     7 |    10 |       ||    22
Armor: Skin              |     4 |    11 |    22 |    15 ||    52
Dodge: Dodged            |    28 |    92 |   209 |    50 ||   379

Table legend: (Time is in decaauts)
 A = Elapsed time spent in this place.
 B = Non-inter-level travel time spent in this place.
 C = Inter-level travel time spent in this place.
 D = Time resting spent in this place.
 E = Time spent auto-exploring this place.
 F = Levels seen in this place.
 G = Mean time per level.
                   A        B        C        D        E       F      G
               +--------+--------+--------+--------+--------+-----+--------+
         Total |  12070 |  11288 |    782 |   1174 |   8108 |  10 | 1207.0 |
       Dungeon |  12016 |  11254 |    762 |   1174 |   8085 |   9 | 1335.1 |
        Temple |     53 |     33 |     20 |      0 |     23 |   1 |   53.0 |
               +--------+--------+--------+--------+--------+-----+--------+

Top non-repeatable levels by time:
     D:7: 2129 daAuts
     D:4: 1913 daAuts
     D:2: 1838 daAuts
     D:6: 1403 daAuts
     D:5: 1186 daAuts
     D:1: 1158 daAuts
     D:3: 1079 daAuts
     D:8: 837 daAuts
     D:9: 469 daAuts
  Temple: 53 daAuts
